 Bloatcrawl 2 version 0.50.1-497-g763ebf1 (webtiles) character file.

Game seed: 6084457880665620950, levelgen mode: deterministic

114 Dorkslayer the Skirmisher (level 4, -4/28 HPs)
             Began as a Crystal Dwarf Fighter on Dec 1, 2020.
             Slain by a gnoll shaman
             ... wielding a +0 whip
              (6 damage)
             ... on level 2 of the Dungeon.
             The game lasted 00:03:04 (1270 turns).

Dorkslayer the Skirmisher (Crystal Dwarf Fighter)   Turns: 1270, Time: 00:03:05

Health: -4/28      AC:  8    Str: 18    XL:     4   Next: 66%
Magic:  4/4        EV:  7    Int: 10    God:
Gold:   84         SH: 14    Dex: 11    Spells: 3/3 levels left Game modifiers: x1.5 XP

rFire   . . .      SeeInvis .    a - +0 war axe
rCold   . . .      Gourm    .    c - +0 kite shield
rNeg    . . .      Faith    .    b - +0 scale mail
rPois   .          Spirit   .    (no helmet)
rElec   .          Reflect  +    (no cloak)
rCorr   .          Harm     .    (no gloves)
MR      .....                    l - +0 pair of boots
Stlth   ..........               (no amulet)
HPRegen 0.09/turn                (no ring)
MPRegen 0.09/turn                (no ring)

@: mighty
A: crystal skin
a: no special abilities


You were on level 2 of the Dungeon.
You were not hungry.

You visited 1 branch of the dungeon, and saw 2 of its levels.

You collected 84 gold pieces.

Inventory:

Hand Weapons
 a - a +0 war axe (weapon)
Missiles
 j - 7 boomerangs (quivered)
Armour
 b - a +0 scale mail (worn)
 c - a +0 kite shield (worn)
 l - a +0 pair of boots (worn)
Scrolls
 e - a scroll of identify
 h - a scroll of enchant weapon
 i - a scroll of fear
Potions
 d - a potion of might
 k - a potion of lignification
Comestibles
 f - 3 rations
 g - 5 chunks of flesh


   Skills:
 + Level 3.5 Fighting
 + Level 3.3 Axes
 + Level 0.3 Throwing
 + Level 3.3 Armour
 + Level 0.3 Dodging
 + Level 3.4 Shields


You had 3 spell levels left.
You didn't know any spells.
Your spell library was empty.

Dungeon Overview and Level Annotations

Branches:
Dungeon (2/15)

Altars:


Message History

The gnoll shaman hits you with a +0 whip.
The gnoll barely misses you.
You hit the gnoll shaman but do no damage.
The gnoll shaman is moderately wounded.
The gnoll barely misses you. You block the gnoll shaman's attack. x2
You closely miss the gnoll shaman.
The gnoll shaman is moderately wounded.
You block the gnoll's attack. x2
The gnoll shaman hits you but does no damage.
You feel very mighty all of a sudden. The gnoll hits you but does no damage.
You block the gnoll shaman's attack.
You hit the gnoll shaman.
The gnoll shaman is heavily wounded.
The gnoll hits you from afar with a +0 halberd!
* * * LOW HITPOINT WARNING * * *
You block the gnoll shaman's attack. The gnoll closely misses you.
You barely miss the gnoll shaman.
The gnoll shaman is heavily wounded.
The gnoll shaman hits you with a +0 whip.
You die...

#...###.........#
#..g.†...%(.....#
#...............#.#
###.#.#.#............
.(....#.#..##>######
#....g...##)#
#####g#.###.# ###g#.#
#.# #.@.#.# #.#
#.##..^##.##
#..........#
####...##..# .#
##.###..# .# #.# #..#
.# .# #..# .# #).# .#
#..#####.#


You could see a gnoll shaman and 2 gnolls.

Vanquished Creatures
  Jessica (D:2)
  An adder (D:2)
  3 dart slugs (D:1)
  6 bats
  A giant cockroach (D:1)
  5 goblins
  2 hobgoblins
  4 kobolds
  4 frilled lizards
  11 rats
38 creatures vanquished.

Notes
Turn   | Place    | Note
-------+----------+-------------------------------------------
     0 | D:1      | Dorkslayer the Crystal Dwarf Fighter began the quest for
                  | the Orb.
     0 | D:1      | Reached XP level 1. HP: 14/14 MP: 1/1
    72 | D:1      | Reached XP level 2. HP: 17/19 MP: 2/2
   590 | D:1      | Reached XP level 3. HP: 23/23 MP: 3/3
  1103 | D:2      | Noticed Jessica
  1113 | D:2      | Killed Jessica
  1113 | D:2      | Reached XP level 4. HP: 26/28 MP: 4/4
  1270 | D:2      | Slain by a gnoll shaman

Levels and vault maps discovered:
D:1:      scummos_arrival_simple_crosswalls, layout_basic
D:2:      layout_loops_ring, first_ration, uniq_natasha, uniq_jessica

Skill      XL: |  1  2  3 |
---------------+----------+-----
Axes           | 3 |  3.3
Fighting       | |  3.5
Throwing       | |  0.3
Armour         | |  3.3
Dodging        | |  0.3
Shields        | |  3.4

Action                   |  1- 3 |  4- 6 || total
-------------------------+-------+-------++-------
Melee: War axe           |    83 |    29 ||   112
Throw: Boomerang         |     1 |     1 ||     2
  Use: Scroll            |       |     3 ||     3
       Potion            |       |     1 ||     1
  Eat: Chunk             |     1 |       ||     1
Armor: Scale mail        |    36 |     4 ||    40
Dodge: Dodged            |    25 |    12 ||    37
Block: Kite shield       |    66 |    37 ||   103
       Reflection        |     2 |     2 ||     4
